Unix xNetHack Version 7.1.0 - last build Jun 10 2022 16:52:22 (33bbff3b7d1ce07880d5c4b1c5efc7e91935e5b9). Game began 2022-06-19 08:13:05, ended 2022-06-19 09:06:31. bhaak, lawful male human Knight ---- ----------- --.>-------- |.........| |.0........| |.........| |..-----.-.| |.........| |.0|...|00.| |....<....| |.........-| |.........| |.......|..| |.........| |.----..--.| |.........| |........|.-- |.........| |.---.-.....------------a| |...|...-............dd@.| |.........---------------- -----..|..| ------- Bhaak the Bachelor St:15 Dx:8 Co:14 In:7 Wi:15 Ch:18 Lawful Dlvl:4 $:104 HP:0(50) Pw:57(57) AC:1 Exp:6 T:4963 Latest messages: You are surrounded by a shimmering light. The wolf starts to attack you, but pulls back. The wolf starts to attack you, but pulls back. The wolf starts to attack you, but pulls back. You finish your prayer. You feel that Lugh is well-pleased. You feel much better. You feel purified. You lacerate the wolf! The wolf bites! You kill the wolf! You hack the wolf! The wolf bites! You hack the wolf! The wolf misses! You kill the wolf! You slash the werewolf! The werewolf punches you! You hit the werewolf! The werewolf misses! You kill the werewolf! The winter wolf bites! You hit the winter wolf! The winter wolf bites! You hack the winter wolf! The winter wolf just misses! You miss the winter wolf. The winter wolf bites! The killer bee misses! You miss the winter wolf. The winter wolf bites! The killer bee stings! You lacerate the winter wolf! The winter wolf bites! Your small shield blocks the killer bee's attack. The killer bee misses! Something is written here in the dust. You read: "| ? ??t E |??e?? l? ?thEl| e ?". You see no objects here. What do you want to write with? Do you want to add to the current engraving? [ynq] (y) y You add to the writing in the dust with your fingertip. What do you want to add to the writing in the dust here? Elbereth The winter wolf bites! You die... Do you want your possessions identified? [ynq] (y) y Do you want to see your attributes? [ynq] (y) y Do you want an account of creatures vanquished? [ynaq] (y) y Do you want to see your conduct and achievements? [ynq] (y) y Do you want to see the dungeon overview? [ynq] (y) y Major events: Turn 1: bhaak the lawful male human Knight entered the dungeon 1083: entered the Gnomish Mines 1086: attained the rank of Esquire (level 3) 1844: reached Mine Town 2799: was given Excalibur by the Lady of the Lake 3575: entered Sokoban 4081: completed sokoban 1 4671: attained the rank of Bachelor (level 6) 4931: completed sokoban 2 4963: killed by a winter wolf Inventory: Inventory: 686/775 weight (37/52 slots) Coins ('$') $ - 104 gold pieces {1} Amulets ('"') L - an uncursed silver amulet of guarding {25} Weapons (')') z - 7 +0 shuriken (at the ready) {7} D - 3 +0 daggers {30} J - a +5 wooden elven dagger named Virtuous Dagger {3} s - a +0 dwarvish mattock (alternate weapon; not wielded) {120} a - the blessed rustproof +1 Excalibur (weapon in hand) {40} Armor ('[') t - an uncursed +0 mithril dwarvish helm (being worn) {19} f - an uncursed +0 pair of leather gloves (being worn) {8} E - an uncursed +0 pair of silver dwarvish boots {56} e - a blessed +0 small shield (being worn) {23} F - an uncursed +0 dwarvish cloak (being worn) {8} I - an uncursed +0 mithril ring mail (being worn) {117} Comestibles ('%') Q - 3 uncursed slime molds {15} h - 3 uncursed food rations {60} d - an uncursed fortune cookie {1} X - an uncursed tripe ration {10} Scrolls ('?') O - an uncursed scroll of create monster {5} c - 2 uncursed scrolls of earth {10} Potions ('!') j - an uncursed diluted potion of blindness {20} T - an uncursed potion of gain level {20} x - an uncursed potion of healing {20} U - an uncursed potion of restore ability {20} Rings ('=') A - an uncursed +1 ring of carrying {3} b - a cursed ring of teleportation {3} Wands ('/') W - a wand of create monster (0:11) {7} m - a wand of secret door detection (0:13) {7} g - a wand of undead turning (0:5) {7} Tools ('(') G - an uncursed blindfold {2} M - an uncursed magic whistle {3} H - an uncursed copper pea whistle {3} P - an uncursed towel {5} Gems/Stones ('*') q - 2 uncursed worthless pieces of green glass {2} k - a cursed worthless piece of orange glass {1} Z - an uncursed worthless piece of red glass {1} o - an uncursed worthless piece of white glass {1} C - 2 uncursed worthless pieces of yellow glass {2} l - a cursed worthless piece of yellow glass {1} Bhaak the Knight's attributes: Background: You were a Bachelor, a level 6 male human Knight. You were lawful, on a mission for Lugh who was opposed by Brigit (neutral) and Manannan Mac Lir (chaotic). You were heterosexual. You were in Sokoban, on level 4. You entered the dungeon 4963 turns ago. You had 489 experience points, 151 more were needed to attain level 7. Basics: You had 0 out of 50 hit points. You had all 57 energy points (spell power). Your armor class was 1. Your wallet contained 104 zorkmids. Autopickup was on for '$"?!=/' plus thrown. Final Characteristics: Your strength was 15 (limit:18/100). Your dexterity was 8 (peak:9, limit:18). Your constitution was 14 (limit:18). Your intelligence was 7 (limit:18). Your wisdom was 15 (limit:18). Your charisma was 18 (limit:18). Final Status: You were not hungry. You were unencumbered. You were wielding a long sword. You had basic skill with long sword and could have enhanced that. Final Attributes: You were piously aligned. You were level-drain resistant. You had automatic searching. You could jump. You were guarded. You are dead. Miscellaneous: You never encountered a bones level. Total elapsed playing time was 53 minutes and 22 seconds. Vanquished creatures: 2 wolves 3 brown puddings a werewolf 2 dingoes a dog an ape an imp a shrieker a gnome leader 2 golden naga hatchlings an elf zombie 3 dwarves a kobold shaman a hill orc a rothe 2 dwarf zombies 3 iguanas 2 hobbits a large kobold a giant rat a cave spider 4 yellow molds a green mold a red mold 19 gnomes a gnome zombie a gecko 8 jackals 5 goblins 9 grid bugs a bat 3 lichens 7 newts 92 creatures vanquished. No species were genocided or became extinct. Voluntary challenges: You read items or engraved 6 times. You never genocided any monsters. You never polymorphed an object. You never changed form. You used no wishes. You were celibate. You never generated conflict. You did not violate any of the special Sokoban rules. Achievements: You entered a shop. You entered the Gnomish Mines. You attained the rank of Esquire. You entered Minetown. You entered Sokoban. You attained the rank of Bachelor. The Dungeons of Doom: levels 1 to 6 Level 1: A fountain. Level 2: "vault" An altar to Lugh. Level 3: A general store, a fountain. Stairs down to The Gnomish Mines. Level 4: Level 5: Some fountains, many trees. Oracle of Delphi. Level 6: A fountain. Stairs up to Sokoban, level 5. The Gnomish Mines: levels 4 to 7 Level 4: Level 5: Level 6: Level 7: "orctown" Sokoban: levels 5 up to 4 Level 4: <- You were here. Solved. Final resting place for you, killed by a winter wolf. Level 5: Solved. Game over: __________ / \ / REST \ / IN \ / PEACE \ / \ | bhaak | | 104 Au | | killed by a | | winter wolf | | | | | | 2022 | *| * * * | * _________)/\\_//(\/(/\)/\//\/|_)_______ Fare thee well bhaak the Knight... You died in Sokoban on dungeon level 4 with 2360 points, and 104 pieces of gold, after 4963 moves. You were level 6 with a maximum of 50 hit points when you died.